 Dungeon Crawl Stone Soup version 0.22.1-6-g1668fe2c40 (webtiles) character file.

4705 Jerry the Basher (level 10, -2/80 HPs)
             Began as a Demonspawn Fighter on Jan 17, 2019.
             Was an Initiate of Gozag.
             Slain by an orc warrior
             ... wielding a +0 halberd
              (7 damage)
             ... on level 8 of the Dungeon.
             The game lasted 00:21:57 (9273 turns).

Jerry the Basher (Demonspawn Fighter)               Turns: 9273, Time: 00:21:57

Health: -2/80      AC:  9    Str: 20    XL:     10   Next: 21%
Magic:  0/10       EV: 14    Int:  6    God:    Gozag
Gold:   1060       SH:  0    Dex: 12    Spells: 9/9 levels left

rFire    + + .     SeeInvis .   w - +2 whip (freeze)
rCold    + . .     Gourm    .   (no shield)
rNeg     + . .     Faith    .   a - +1 leather armour of Duck's Teeth {rF+ rC+ rN+ MR+ Int-4}
rPois    .         Spirit   +   (no helmet)
rElec    .         Reflect  .   B - scarf {Spirit}
rCorr    .         Harm     .   y - +0 pair of gloves
MR       +....                  (no boots)
Stlth    +.........             u - amulet of rage
HPRegen  0.23/turn              (no ring)
MPRegen  0.12/turn              q - +3 ring of protection

@: drained
A: repulsion field 2, fire resistance 1, powered by death 2, flame cloud
immunity
a: Potion Petition, Call Merchant, Bribe Branch, Renounce Religion, Evoke
Berserk Rage


You were on level 8 of the Dungeon.
You worshipped Gozag.
Gozag was most pleased with you.
You were not hungry.

You visited 2 branches of the dungeon, and saw 10 of its levels.

You collected 1147 gold pieces.
You paid 87 gold pieces to Gozag.

Inventory:

Hand Weapons
 w - a +2 whip of freezing (weapon)
 C - a +2 mace of draining
Armour
 a - the +1 leather armour of Duck's Teeth (worn) {rF+ rC+ rN+ MR+ Int-4}
   (You found it on level 4 of the Dungeon)

   It affects your intelligence (-4).
   It protects you from fire.
   It protects you from cold.
   It protects you from negative energy.
   It affects your resistance to hostile enchantments.
 b - a +0 scale mail
 c - a +0 shield
 x - a +1 cloak
 y - a +0 pair of gloves (worn)
 B - a scarf of spirit shield (worn)
Jewellery
 k - a +6 ring of intelligence
 p - an uncursed ring of flight
 q - a +3 ring of protection (right hand)
 u - an amulet of rage (around neck)
Wands
 v - a wand of clouds (2)
 D - a wand of flame (29)
 F - a wand of digging (6)
Scrolls
 e - 7 scrolls of identify
 g - a scroll of enchant weapon {unknown}
 o - 6 scrolls of remove curse
 G - a scroll of fear {unknown}
Potions
 d - a potion of magic {unknown}
 h - a potion of berserk rage {unknown}
 i - 3 potions of mutation {unknown}
 j - a potion of lignification {unknown}
 l - a potion of heal wounds {unknown}
 m - 2 potions of degeneration {unknown}
 n - 2 potions of might
 r - 2 potions of agility {unknown}
 s - a potion of flight {unknown}
 t - 3 potions of curing {unknown}
 z - a potion of cancellation {unknown}
 A - 3 potions of ambrosia {unknown}
 E - a potion of haste
Comestibles
 f - 2 rations


   Skills:
 + Level 8.1(7.9) Fighting
 * Level 9.9(9.7) Maces & Flails
 + Level 7.4(7.2) Armour
 - Level 2.6(2.5) Shields


You had 9 spell levels left.
You didn't know any spells.
Your spell library was empty.

Dungeon Overview and Level Annotations

Branches:
Dungeon (9/15)             Temple (1/1) D:4
   Lair: D:8-11         Orc: D:9-12

Altars:
Ashenzari
Cheibriados
Dithmenos
Elyvilon
Fedhas
Gozag
Hepliaklqana
Kikubaaqudgha
Makhleb
Nemelex Xobeh
Okawaru
Qazlal
Ru
Sif Muna
Trog
Uskayaw
Vehumet
Wu Jian
Xom
Yredelemnul
Zin
The Shining One

Shops:
D:4 }   D:7 :

Annotations:
D:3 3 runed doors, Pepega's ghost, amateur MiFi


Innate Abilities, Weirdness & Mutations

You are surrounded by a moderate repulsion field. (EV +3)
Your flesh is heat resistant. (rF+)
You regenerate health from kills.
You are immune to clouds of flame.


Message History

You hit the orc warrior but do no damage.
The orc warrior is heavily wounded.
The orc warrior misses you.
You hit the orc warrior. You freeze the orc warrior.
The orc warrior is severely wounded.
You closely miss the orc warrior.
The orc warrior is severely wounded.
The orc warrior closely misses you.
You hit the orc warrior but do no damage.
The orc warrior is severely wounded.
You barely miss the orc warrior.
The orc warrior is severely wounded.
The orc warrior barely misses you.
You hit the orc warrior. You freeze the orc warrior.
The orc warrior is almost dead.
You hit the orc warrior but do no damage.
The orc warrior is almost dead.
The orc warrior hits you with a halberd!
You die...
Your body crumbles into a pile of gold.

#.............##.#### #......
##....#.###.##.......# #######
#.......# #.#####.##.#
#.......# #.......##.#
#.##.##.############.####
#.##.......# #....#
#.#####.##.############.#
#.#####.##.....o..# #.#
#.......##...[@[..# #.#######
##########........#####.##.....
#............#.#...... #####
#.........##.#........
#...####........>##.#.#.##.##
#.............[.........##.#
#...##########.####.#..###.#
##.## #.####.#......# #.#
#......##.#####


You could see an orc warrior.

Vanquished Creatures
  Harold (D:7)
  Pikel (D:4)
  Grinder (D:5)
  A polar bear (D:9)
  A hungry ghost (D:6)
  Duvessa (D:5)
  2 ice beasts
  A phantom (D:9)
  2 sky beasts
  7 ogres
  3 centaurs
  A bullfrog (D:8)
  Dowan (D:5)
  A scorpion (D:8)
  3 killer bees
  A centaur zombie (D:5)
  6 crimson imps
  3 hounds
  A jelly (D:5)
  A bullfrog zombie (D:8)
  8 orc wizards
  A quasit (D:8)
  5 orc priests
  Jessica (D:2)
  5 iguanas
  3 worker ants
  A killer bee zombie (D:9)
  A hound skeleton (D:2)
  4 gnolls (D:3)
  4 adders
  2 hound simulacra (D:9)
  2 white imps (D:9)
  2 worker ant simulacra (D:9)
  An ooze (D:1)
  3 adder zombies
  4 adder skeletons
  3 worms
  A dart slug (D:1)
  3 leopard geckos
  27 orcs
  2 bats
  A giant cockroach (D:3)
  2 gnoll zombies (D:5)
  8 goblins
  8 hobgoblins
  7 jackals
  5 quokkas
  7 frilled lizards
  7 kobolds
  A leopard gecko skeleton (D:5)
  8 rats
176 creatures vanquished.

Vanquished Creatures (others)
  5 dream sheep (D:8)
  An orc wizard (D:4)
6 creatures vanquished.

Grand Total: 182 creatures vanquished

Notes
Turn   | Place    | Note
-------+----------+-------------------------------------------
     0 | D:1      | Jerry the Demonspawn Fighter began the quest for the Orb.
     0 | D:1      | Reached XP level 1. HP: 18/18 MP: 1/1
    57 | D:1      | Reached skill level 2 in Maces & Flails
   341 | D:1      | Gained mutation: You are surrounded by a mild repulsion
                  | field. (EV +2) [demonic ancestry]
   341 | D:1      | Reached XP level 2. HP: 20/24 MP: 2/2
   578 | D:1      | Reached XP level 3. HP: 27/29 MP: 3/3
  1099 | D:2      | Reached skill level 3 in Maces & Flails
  1182 | D:2      | Gained mutation: You are surrounded by a moderate repulsion
                  | field. (EV +3) [demonic ancestry]
  1182 | D:2      | Reached XP level 4. HP: 31/35 MP: 4/4
  1214 | D:2      | Noticed Jessica
  1224 | D:2      | Killed Jessica
  1473 | D:2      | Found a faded altar of an unknown god.
  2270 | D:3      | Gained mutation: You regenerate a little health from kills.
                  | [demonic ancestry]
  2270 | D:3      | Reached XP level 5. HP: 42/42 MP: 5/5
  2631 | D:3      | Found a runed gate.
  2634 | D:3      | Found a runed gate.
  2634 | D:3      | Found a runed gate.
  2635 | D:3      | Noticed Pepega's ghost (amateur MiFi)
  2730 | D:3      | Reached skill level 4 in Maces & Flails
  3044 | D:4      | Found a stormy altar of Qazlal.
  3103 | D:4      | Noticed a slave
  3104 | D:4      | Noticed Pikel
  3106 | D:4      | Noticed a slave
  3110 | D:4      | Noticed a slave
  3111 | D:4      | Noticed a slave
  3111 | D:4      | Gained mutation: Your flesh is heat resistant. (rF+)
                  | [demonic ancestry]
  3111 | D:4      | Reached XP level 6. HP: 48/48 MP: 6/6
  3116 | D:4      | Killed Pikel
  3116 | D:4      | Reached skill level 5 in Fighting
  3116 | D:4      | Reached skill level 5 in Maces & Flails
  3116 | D:4      | Reached XP level 7. HP: 56/56 MP: 7/7
  3160 | D:4      | Found a staircase to the Ecumenical Temple.
  3209 | Temple   | Entered the Ecumenical Temple
  3418 | Temple   | Became a worshipper of Gozag Ym Sagoz the Greedy
  3797 | D:4      | Found Weetwuojai's Gadget Shop.
  3944 | D:4      | Got a shimmering leather armour
  3945 | D:4      | Identified the +1 leather armour of Duck's Teeth {rF+ rC+
                  | rN+ MR+ Int-4} (You found it on level 4 of the Dungeon)
  3979 | D:5      | Entered Level 5 of the Dungeon
  4013 | D:4      | Reached skill level 6 in Maces & Flails
  4300 | D:5      | Reached skill level 5 in Armour
  4300 | D:5      | Gained mutation: You are immune to clouds of flame.
                  | [demonic ancestry]
  4300 | D:5      | Reached XP level 8. HP: 42/63 MP: 8/8
  4524 | D:5      | Noticed Grinder
  4538 | D:5      | Killed Grinder
  4563 | D:5      | Found a radiant altar of Vehumet.
  4583 | D:5      | Reached skill level 7 in Maces & Flails
  4917 | D:5      | Noticed Duvessa
  4918 | D:5      | Noticed Dowan
  5306 | D:5      | Killed Duvessa
  5311 | D:5      | Killed Dowan
  5404 | D:5      | Found a basalt altar of Yredelemnul.
  5575 | D:5      | Got a smoking spear
  5576 | D:5      | Identified the +6 spear of Painful Death {pierce, Str+5
                  | Stlth+} (You found it on level 5 of the Dungeon)
  5760 | D:6      | Reached XP level 9. HP: 57/71 MP: 9/9
  5937 | D:6      | Found a blossoming altar of Fedhas.
  5940 | D:6      | Found a shadowy altar of Dithmenos.
  5944 | D:6      | Found a bloodstained altar of Trog.
  6032 | D:6      | Reached skill level 8 in Maces & Flails
  6087 | D:7      | Found a sacrificial altar of Ru.
  6539 | D:7      | Found a deep blue altar of Sif Muna.
  6880 | D:7      | Found Yrupros's Book Shop.
  6914 | D:7      | Noticed Harold
  6926 | D:7      | Killed Harold
  6926 | D:7      | Reached skill level 9 in Maces & Flails
  7312 | D:7      | Found a hide-covered altar of Uskayaw.
  7555 | D:8      | Found a hide-covered altar of Uskayaw.
  7725 | D:8      | Found a shimmering altar of Xom.
  8290 | D:9      | Gained mutation: You regenerate health from kills. [demonic
                  | ancestry]
  8290 | D:9      | Reached XP level 10. HP: 73/80 MP: 8/10
  8726 | D:9      | Found an ancient bone altar of Kikubaaqudgha.
  9262 | D:8      | HP: 4/80 [orc warrior/halberd (15)]
  9273 | D:8      | Slain by an orc warrior

Skill      XL: |  1  2  3  4  5  6  7  8  9 10 |
---------------+-------------------------------+-----
Maces & Flails | 2 3 4 5 6 7 9 |  9.9
Armour         | 3 4 5 6 7 |  7.4
Fighting       | 4 5 6 7 8 |  8.1
Shields        | |  2.6

Action                   |  1- 3 |  4- 6 |  7- 9 | 10-12 || total
-------------------------+-------+-------+-------+-------++-------
Melee: Flail             |   111 |   158 |     7 |       ||   276
       Unarmed           |       |     1 |       |       ||     1
       Whip              |       |       |   423 |   216 ||   639
 Abil: Evoke Berserk Rag |       |     1 |     1 |     1 ||     3
Evoke: Wand              |       |       |     2 |       ||     2
  Use: Scroll            |       |     1 |    11 |       ||    12
       Potion            |       |       |     1 |       ||     1
 Stab: Sleeping          |       |       |     1 |       ||     1
  Eat: Chunk             |     1 |     6 |     2 |       ||     9
       Ration            |       |       |     7 |     1 ||     8
Armor: Scale mail        |    56 |    71 |     1 |       ||   128
       Skin              |       |     1 |       |       ||     1
       Leather armour    |       |       |   115 |    41 ||   156
Dodge: Dodged            |    71 |   137 |   219 |    95 ||   522
